 Dungeon Crawl Stone Soup version 0.30-a0-1163-gf69bf04e7a (webtiles) character file.

Game seed: 5338303983951384108

240 NinjaNoafa the Skirmisher (level 6, 0/37 HPs)
             Began as a Kobold Hunter on Apr 28, 2023.
             Slain by a gnoll bouda
             ... wielding a +0 whip
              (8 damage)
             ... on level 4 of the Dungeon.
             The game lasted 00:03:59 (2472 turns).

NinjaNoafa the Skirmisher (Kobold Hunter)           Turns: 2472, Time: 00:04:00

Health: 0/37       AC:  3    Str:  8    XL:     6   Next: 30%
Magic:  6/6        EV: 15    Int: 11    God:
Gold:   207        SH:  5    Dex: 20    Spells: 5/5 levels left

rFire   . . .        a - +0 shortbow
rCold   . . .        (shield currently unavailable)
rNeg    + . .        c - +0 leather armour
rPois   .            (no helmet)
rElec   .            (no cloak)
rCorr   .            (no gloves)
SInv    .            (no boots)
Will    .....        f - amulet of reflection
Stlth   +++          e - ring of positive energy
HPRegen 0.26/turn    (no ring)
MPRegen 0.10/turn

%: reflection
@: mighty, weakened
A: small, no large weapons, nightstalker 3
a: no special abilities


You were on level 4 of the Dungeon.
You visited 1 branch of the dungeon, and saw 4 of its levels.

You collected 207 gold pieces.

Inventory:

Hand Weapons
 a - a +0 shortbow (weapon)
Missiles
 g - 5 datura-tipped darts
 n - 4 poisoned darts
 t - 2 boomerangs of dispersal
Armour
 c - a +0 leather armour (worn)
Jewellery
 e - a ring of positive energy (left hand)
 f - an amulet of reflection (around neck)
 u - an amulet of reflection
Scrolls
 b - a scroll of immolation
 d - a scroll of summoning {unknown}
 h - 2 scrolls of poison {unknown}
 m - a scroll of enchant weapon {unknown}
 o - a scroll of vulnerability {unknown}
 p - a scroll of teleportation {unknown}
Potions
 i - 4 potions of might
 j - 3 potions of curing
 k - 2 potions of cancellation {unknown}
 l - a potion of berserk rage {unknown}
 q - a potion of magic
 r - a potion of flight {unknown}
 s - a potion of brilliance {unknown}


   Skills:
 - Level 3.0 Fighting
 + Level 8.5 Ranged Weapons
 - Level 3.0 Dodging
 + Level 3.0 Stealth


You had 5 spell levels left.
You didn't know any spells.
Your spell library contained the following spells:

 Spells                   Type           Power      Damage    Failure   Level
 Sandblast                Erth           0%         2d4       45%         1
 Blink                    Tloc           0%         N/A       61%         2
 Lesser Beckoning         Tloc           0%         N/A       61%         2
 Momentum Strike          Conj/Tloc      0%         3d8       61%         2
 Passwall                 Tmut/Erth      0%         N/A       61%         2
 Stone Arrow              Conj/Erth      0%         3d7       83%         3


Dungeon Overview and Level Annotations

Branches:
Dungeon (4/15)
 Temple: D:4-7

Altars:
Xom


Innate Abilities, Weirdness & Mutations

You are small and have problems with some larger weapons.
You are completely attuned to the shadows.


Message History

Press: ? - help, Q - select action, (/) - cycle Shift-Dir - straight line, f/p - gnoll bouda
Aim: a gnoll bouda, wielding a +0 whip and wearing a +0 leather armour (70% to hit)
You shoot an arrow.
The arrow hits the gnoll bouda but does no damage.
Unknown command.
Fire: a) +0 shortbow
Press: ? - help, Q - select action, (/) - cycle Shift-Dir - straight line, f/p - gnoll bouda
Aim: a gnoll bouda, wielding a +0 whip and wearing a +0 leather armour (70% to hit)
You shoot an arrow.
The arrow completely misses the gnoll bouda.
The arrow barely misses the gnoll.
Unknown command.
The gnoll bouda attacks as you move away!
The gnoll bouda closely misses you.
The gnoll bouda gazes fiercely through you!
You feel your attacks grow feeble.
It was a potion of curing.
You feel better.
The gnoll bouda hits you with a +0 whip!
* * * LOW HITPOINT WARNING * * *
The gnoll misses you.
It was a potion of magic.
Magic courses through your body. You block the gnoll bouda's attack.
The gnoll closely misses you.
Fire: a) +0 shortbow
Press: ? - help, Q - select action, (/) - cycle Shift-Dir - straight line, f/p - gnoll bouda
Aim: a gnoll bouda, wielding a +0 whip and wearing a +0 leather armour (70% to hit)
You shoot an arrow.
The arrow closely misses the gnoll bouda.
The arrow hits the gnoll!
The gnoll is heavily wounded.
The gnoll bouda hits you with a +0 whip.
* * * LOW HITPOINT WARNING * * *
You block the gnoll's attack.
The gnoll bouda attacks as you move away!
The gnoll bouda hits you with a +0 whip.
* * * LOW HITPOINT WARNING * * *
You feel better.
The gnoll hits you from afar with a +0 spear!
* * * LOW HITPOINT WARNING * * *
The gnoll bouda hits you with a +0 whip!
You die...

..........# ####g##...
..........# #.....+...
..........# #..# ##.....#...
..........# #..# #...g......
..........# #..# #.g....#...
.......#####..# #..g...#...
...........†..#######.....#...
........####..gg.))..##'####.#
........#....@######.##.# #.#
........#.###.# #.##.# #.#
#######.#...#.# #.##.# #.#
#.#...#.# #.##.# #.# #.....#.#
#.# #.# ####..# #.# #..# #.#
#..# #.# #..################.#


You could see a gnoll bouda and a gnoll (swift).

Vanquished Creatures
  A phantom (D:4)
  An orc priest (D:2)
  5 adders
  2 gnolls (D:4)
  A worm (D:3)
  A dart slug (D:3)
  6 orcs
  5 endoplasms
  2 giant cockroaches
  5 hobgoblins
  6 jackals
  3 quokkas
  4 ball pythons
  7 bats
  2 goblins
  5 kobolds
  2 rats
58 creatures vanquished.

Notes
Turn   | Place    | Note
-------+----------+-------------------------------------------
     0 | D:1      | NinjaNoafa the Kobold Hunter began the quest for the Orb.
     0 | D:1      | Reached XP level 1. HP: 12/12 MP: 1/1
   188 | D:1      | Reached XP level 2. HP: 17/17 MP: 2/2
   197 | D:1      | Reached skill level 6 in Ranged Weapons
   838 | D:2      | Reached XP level 3. HP: 17/21 MP: 3/3
  1138 | D:2      | Reached skill level 7 in Ranged Weapons
  1138 | D:2      | Reached XP level 4. HP: 26/26 MP: 4/4
  1337 | D:2      | Reached XP level 5. HP: 30/30 MP: 5/5
  1581 | D:3      | Reached skill level 8 in Ranged Weapons
  1608 | D:3      | Found a shimmering altar of Xom.
  2228 | D:4      | Noticed a phantom
  2245 | D:4      | Killed a phantom
  2246 | D:4      | Reached XP level 6. HP: 30/36 MP: 6/6
  2472 | D:4      | Slain by a gnoll bouda

Illustrated notes

Levels and vault maps discovered:
D:1:      wander_arrival_desolate, layout_loops_ring, hex_large
D:2:      layout_basic, amcnicky_mini_pool_small, dreamdust_princess_bridge,
          nrook_mini_vaults
D:3:      layout_basic, xom_teletrap_fun, serial_curves, eino_curves_01,
          eino_curves_02
D:4:      layout_basic, gammafunk_ghost_smash, uniq_ijyb

Skill      XL: |  1  2  3  4  5  6 |
---------------+-------------------+-----
Ranged Weapons | 6 7 8 |  8.5
Dodging        | 3 |  3.0
Stealth        | 2 3 |  3.0
Fighting       | 3 |  3.0

Action                     |  1- 3 |  4- 6 || total
---------------------------+-------+-------++-------
   Fire: Shortbow          |    48 |   107 ||   155
  Throw: Boomerang         |       |     1 ||     1
    Use: Potion            |       |     4 ||     4
 Armour: Leather armour    |       |    12 ||    12
  Dodge: Dodged            |    19 |    44 ||    63
  Block: Other             |       |    16 ||    16

Table legend: (Time is in decaauts)
 A = Elapsed time spent in this place.
 B = Non-inter-level travel time spent in this place.
 C = Inter-level travel time spent in this place.
 D = Time resting spent in this place.
 E = Time spent auto-exploring this place.
 F = Levels seen in this place.
 G = Mean time per level.
                   A        B        C        D        E       F      G
               +--------+--------+--------+--------+--------+-----+--------+
         Total |   2499 |   2459 |     40 |      0 |   1967 |   4 |  624.8 |
       Dungeon |   2499 |   2459 |     40 |      0 |   1967 |   4 |  624.8 |
               +--------+--------+--------+--------+--------+-----+--------+

Top non-repeatable levels by time:
     D:2: 760 daAuts
     D:1: 754 daAuts
     D:3: 679 daAuts
     D:4: 304 daAuts
